 Dungeon Crawl Stone Soup version 0.17.0 (webtiles) character file.

404 craggadee the Basher (level 6, -2/51 HPs)
             Began as a Minotaur Berserker on Nov 16, 2015.
             Was a Believer of Trog.
             Slain by an ogre
             ... wielding a +0 giant club
              (26 damage)
             ... on level 4 of the Dungeon.
             The game lasted 00:04:44 (2374 turns).

craggadee the Basher (Minotaur Berserker)           Turns: 2374, Time: 00:04:44

Health: -2/51      AC:  5    Str: 24    XL:     6   Next: 56%
Magic:  5/5        EV: 11    Int:  4    God:    Trog [**....]
Gold:   193        SH:  0    Dex:  9    Spells: 0 memorised, 5 levels left

rFire  + . .     SeeInvis .     a - +0 mace
rCold  . . .     Clarity  .     j - +0 ring mail (curse)
rNeg   . . .     SustAt   .     (no shield)
rPois  .         Gourm    .     (helmet restricted)
rElec  .         Spirit   .     (no cloak)
rCorr  .         Warding  .     (no gloves)
rMut   .         Stasis   .     (no boots)
MR     .....                    (no amulet)
Stlth  +.........               (no ring)
                                h - ring of protection from fire

@: not resistant to hostile enchantments, very unstealthy
A: retaliatory headbutt, horns 2
a: Berserk, Trog's Hand, Burn Spellbooks, Renounce Religion


You were on level 4 of the Dungeon.
You worshipped Trog.
Trog was pleased with you.
You were not hungry.

You visited 1 branch of the dungeon, and saw 4 of its levels.
You also visited: Sewer.

You collected 193 gold pieces.

Inventory:

Hand Weapons
 a - a +0 mace (weapon)
Armour
 b - a +0 animal skin
 j - a cursed +0 ring mail (worn)
Jewellery
 h - a ring of protection from fire (left hand)
Scrolls
 e - a scroll of magic mapping
 g - a scroll of enchant weapon {unknown}
 k - 4 scrolls of identify
 o - a scroll of amnesia {unknown}
Potions
 d - a potion of flight {unknown}
 f - a potion of lignification {unknown}
 i - a potion of haste {unknown}
 m - a potion of heal wounds {unknown}
 p - a potion of brilliance {unknown}
 q - a potion of agility {unknown}
 s - a potion of resistance {unknown}
 t - a potion of berserk rage {unknown}
Comestibles
 c - 3 bread rations
 l - 3 meat rations
 r - 2 fruits


   Skills:
 - Level 3.6 Fighting
 * Level 8.9 Maces & Flails
 - Level 2.4 Armour
 - Level 2.1 Dodging
 + Level 0.8 Stealth


You had 5 spell levels left.
You didn't know any spells.

Dungeon Overview and Level Annotations

Branches:
Dungeon (4/15)
 Temple: D:4-7

Altars:
Nemelex Xobeh
Yredelemnul


Innate Abilities, Weirdness & Mutations

You reflexively headbutt those who attack you in melee.
You have a pair of horns on your head.


Message History

You hit the ogre.
The ogre is heavily wounded.
The ogre closely misses you.
You hit the ogre.
The ogre is severely wounded.
The ogre hits you with a giant club!
You hit the ogre.
The ogre is almost dead.
The ogre closely misses you.
You hit the ogre but do no damage.
You headbutt the ogre, but do no damage.
The ogre is almost dead.
You hit the ogre.
The ogre is almost dead.
The ogre hits you with a giant club!
You hit the ogre but do no damage. Your headbutt misses the ogre.
The ogre is almost dead.
The ogre hits you with a giant club!!
Ouch! That really hurt!
You die...

#. #. #..
+.. #...
#####
.##...##...#
........<..#
....$.O@...#
.......#...+
######.#...#
#.....#
......#
#.....#
#.#...# ..
...#


You could see an ogre.

Vanquished Creatures
  The ghost of Ultraviolent4 the Magician, an amateur HEEE (D:3)
  Purgy (Sewer)
  3 gnolls (D:3)
  4 adders
  2 adder skeletons (D:3)
  An ooze (D:2)
  A worm (D:2)
  6 giant geckos
  5 giant cockroaches
  6 hobgoblins
  A jackal (D:1)
  8 kobolds
  15 bats
  2 giant newts (D:1)
  6 goblins
  4 rats
  A spectral orc (D:2)
67 creatures vanquished.

Notes
Turn   | Place    | Note
--------------------------------------------------------------
     0 | D:1      | craggadee the Minotaur Berserker began the quest for the Orb.
     0 | D:1      | Reached XP level 1. HP: 19/19 MP: 0/0
   145 | D:1      | Reached skill level 4 in Maces & Flails
   188 | D:1      | Reached XP level 2. HP: 10/26 MP: 1/1
   675 | D:1      | Reached skill level 5 in Maces & Flails
   898 | D:2      | Reached XP level 3. HP: 31/31 MP: 2/2
  1267 | D:2      | Found a sparkling altar of Nemelex Xobeh.
  1411 | D:2      | Found a basalt altar of Yredelemnul.
  1521 | D:2      | Reached ** piety under Trog
  1692 | D:3      | Found a faded altar to an unknown god.
  1700 | D:3      | Reached skill level 6 in Maces & Flails
  1700 | D:3      | Reached XP level 4. HP: 39/39 MP: 3/3
  1765 | D:3      | Noticed Ultraviolent4's ghost (amateur HEEE)
  1777 | D:3      | Killed Ultraviolent4's ghost
  1777 | D:3      | Reached skill level 8 in Maces & Flails
  1777 | D:3      | Reached XP level 5. HP: 45/45 MP: 4/4
  1777 | D:3      | Reached XP level 6. HP: 51/51 MP: 5/5
  2075 | D:3      | Found a glowing drain.
  2108 | Sewer    | Entered a sewer
  2132 | Sewer    | Noticed Purgy
  2141 | Sewer    | Killed Purgy
  2374 | D:4      | Slain by an ogre

Action                   |  1- 3 |  4- 6 || total
-------------------------+-------+-------++-------
Melee: Mace              |    73 |    73 ||   146
Invok: Berserk           |     1 |     2 ||     3
  Use: Scroll            |     6 |       ||     6
  Eat: Meat ration       |     1 |       ||     1
       Chunk             |       |     3 ||     3
